 Dungeon Crawl Stone Soup version 0.31-a0-152-g6aa68a64a1 (webtiles) character file.

Game seed: 9687006258326866513

542 Ijustatesigmund the Stinger (level 7, 0/43 HPs)
             Began as an Octopode Venom Mage on June 9, 2023.
             Slain by an orc wizard
             ... wielding a +0 dagger
              (3 damage)
             ... on level 7 of the Dungeon.
             The game lasted 00:12:35 (5457 turns).

Ijustatesigmund the Stinger (Octopode Venom Mage)   Turns: 5457, Time: 00:12:35

Health: 0/43       AC:  1    Str:  8    XL:     7   Next: 27%
Magic:  10/12      EV: 13    Int: 19    God:
Gold:   74         SH:  0    Dex: 12    Spells: 3/13 levels left

rFire   . . .        c - +1 short sword
rCold   . . .        (no shield)
rNeg    . . .        (helmet restricted)
rPois   .            (no amulet)
rElec   .            j - ring of resist corrosion
rCorr   +            (no ring)
SInv    .            (no ring)
Will    .....        (no ring)
Stlth   ++           (no ring)
HPRegen 0.27/turn    (no ring)
MPRegen 0.13/turn    (no ring)
                     (no ring)

%: clarity
@: confused, ambrosia-drunk
A: almost no armour, amphibious, 8 rings, camouflage 1, gelatinous body 1,
(nimble swimmer 1), tentacles, clarity
a: no special abilities


You were on level 7 of the Dungeon.
You visited 1 branch of the dungeon, and saw 5 of its levels.
You also visited: Sewer.

You collected 74 gold pieces.

Inventory:

Hand Weapons
 c - a +1 short sword (weapon)
Jewellery
 b - a ring of ice
 j - a ring of resist corrosion (left tentacle)
 q - a ring of flight
Wands
 d - a wand of paralysis (8)
Scrolls
 e - 2 scrolls of teleportation
 i - a scroll of poison
 k - a scroll of immolation
Potions
 a - a potion of magic
 f - a potion of might
 g - 2 potions of mutation
 h - 2 potions of brilliance
 m - a potion of haste
 n - a potion of cancellation


   Skills:
 - Level 1.4 Fighting
 - Level 2.0 Dodging
 - Level 2.6 Stealth
 + Level 3.7 Spellcasting
 - Level 2.3 Conjurations
 + Level 2.1 Transmutations
 - Level 2.2 Air Magic
 + Level 6.6 Poison Magic


You had 3 spell levels left.
You knew the following spells:

 Your Spells              Type           Power      Damage    Failure   Level
a - Sting                 Tmut/Pois      80%        1d7       2%          1
b - Poisonous Vapours     Pois/Air       40%        N/A       3%          2
c - Mephitic Cloud        Conj/Pois/Air  17%        N/A       9%          3
d - Olgreb's Toxic Radia  Pois           28%        N/A       9%          4

Your spell library contained the following spells:

 Spells                   Type           Power      Damage    Failure   Level
 Ignite Poison            Fire/Tmut/Pois 14%        N/A       13%         3
 Freeze                   Ice            12%        1d3       14%         1
 Hailstorm                Conj/Ice       7%         3d4       26%         3
 Frozen Ramparts          Ice            6%         1d1       38%         3
 Sticky Flame             Conj/Fire      7%         2d3       65%         4
 Ignition                 Fire           1%         3d3       100%        8


Dungeon Overview and Level Annotations

Branches:
Dungeon (4/15)              Sewer (visited)
 Temple: D:4-7

Altars:
Ru

Shops:
D:3 =


Innate Abilities, Weirdness & Mutations

You cannot wear most types of armour.
You are amphibious.
You can wear up to eight rings at the same time.
Your skin changes colour to match your surroundings (Stealth+).
Your rubbery body absorbs attacks. (AC +1, EV +1)
((You are camouflaged when in or above water. (Stealth+)))
You have tentacles for arms and can constrict up to eight enemies at once.
You possess an exceptional clarity of mind.


Message History

You miss something. Your squeeze misses something. Something hits you.
Something shocks you.
* * * LOW HITPOINT WARNING * * *
As you read the scroll of teleportation, it crumbles to dust.
You feel strangely unstable. Something hits you but does no damage.
Something hits you.
* * * LOW HITPOINT WARNING * * *
Something shocks you.
* * * LOW HITPOINT WARNING * * *
A sky beast appears from thin air!
Reactivating autopickup.
Casting: Poisonous Vapours (safe; 3% risk of failure)
Confirm with . or Enter, or press ? or * to list all spells.
Aiming: Sting (safe; 2% risk of failure)
Press: ? - help, Shift-Dir - straight line, f/p - sky beast
Aim: a sky beast (almost dead, very poisoned, 64% to hit)
The sting misses the sky beast.
Your surroundings suddenly seem different. 2 orc wizards and an orc come into view.
Found a falchion and 20 gold pieces.
The orc wizard shouts! x2; The orc shouts!
The orc hits you with a +0 club.
* * * LOW HITPOINT WARNING * * *
The orc wizard casts a spell at you. You resist with some effort.
Okay, then.
You fade into invisibility!
You feel a bit more experienced. The orc misses you.
Your Transmutations skill increases to level 2!
It was a potion of cancellation.
Your magical effects are unravelling.
You feel magically purged.
You flicker back into view.
The orc closely misses you.
It was a potion of ambrosia.
You are confused.
You feel invigorated. The orc hits you with a +0 club.
* * * LOW HITPOINT WARNING * * *
The orc wizard hits you with a +0 dagger.
You die...

# ...#...
... #......
.....##
#......##
.......
........#
....>..
..∩......
.......
........##
.......
.......oo#
......Y
.......@o#
.......
.........#
.#####.
.........#
#.
.........#
......)...
#+###.....#
...$#.....#
..$.#.....#


You could see 2 orc wizards and an orc.

Vanquished Creatures
  A sky beast (D:7)
  A scorpion (D:4)
  3 jellies (Sewer)
  An orc priest (D:4)
  A hound (D:4)
  An iguana (D:4)
  Ijyb (D:4)
  A sleepcap (D:4)
  A gnoll (D:1)
  5 adders
  4 dart slugs
  12 orcs
  7 bats
  12 endoplasms
  6 giant cockroaches
  11 hobgoblins
  2 quokkas
  9 ball pythons
  6 frilled lizards
  6 goblins
  3 kobolds
  7 rats
101 creatures vanquished.

Notes
Turn   | Place    | Note
-------+----------+-------------------------------------------
     0 | D:1      | Ijustatesigmund the Octopode Venom Mage began the quest for
                  | the Orb.
     0 | D:1      | Reached XP level 1. HP: 11/11 MP: 3/3
   198 | D:1      | Reached XP level 2. HP: 17/18 MP: 5/5
   201 | D:1      | Learned a level 2 spell: Poisonous Vapours
   361 | D:1      | Reached skill level 1 in Fighting
   361 | D:1      | Reached skill level 4 in Poison Magic
   438 | D:1      | Reached XP level 3. HP: 23/23 MP: 3/6
  1208 | D:2      | Reached skill level 1 in Air Magic
  1344 | D:2      | Learned a level 3 spell: Mephitic Cloud
  1443 | D:2      | Reached XP level 4. HP: 24/28 MP: 4/7
  1761 | D:2      | Gained mutation: You possess an exceptional clarity of
                  | mind. [potion of mutation]
  1761 | D:2      | Gained mutation: You occasionally lose the ability to read
                  | scrolls when taking damage. [potion of mutation]
  1761 | D:2      | Lost mutation: You possess an exceptional clarity of mind.
                  | [potion of mutation]
  1761 | D:2      | Gained mutation: Your muscles are strong. (Str +4, Int/Dex
                  | -1) [potion of mutation]
  1762 | D:2      | Lost mutation: Your muscles are strong. (Str +4, Int/Dex
                  | -1) [potion of mutation]
  1762 | D:2      | Lost mutation: You occasionally lose the ability to read
                  | scrolls when taking damage. [potion of mutation]
  1762 | D:2      | Gained mutation: You possess an exceptional clarity of
                  | mind. [potion of mutation]
  1866 | D:2      | Reached skill level 1 in Conjurations
  2163 | D:3      | Found Aroir's Jewellery Boutique.
  2342 | D:3      | Found a glowing drain.
  2353 | Sewer    | Entered a sewer
  2660 | Sewer    | Reached XP level 5. HP: 22/33 MP: 9/9
  2934 | Sewer    | Found a viscous altar of Jiyva.
  3525 | D:3      | Reached XP level 6. HP: 31/38 MP: 2/10
  3739 | D:3      | Learned a level 4 spell: Olgreb's Toxic Radiance
  3813 | D:3      | Reached skill level 5 in Poison Magic
  4142 | D:3      | HP: 1/38 [poisoned by a scorpion]
  4792 | D:4      | Found a sacrificial altar of Ru.
  4800 | D:4      | Reached skill level 6 in Poison Magic
  5085 | D:4      | Noticed Ijyb
  5091 | D:4      | Killed Ijyb
  5227 | D:4      | Reached XP level 7. HP: 20/43 MP: 8/12
  5412 | D:4      | You fall into a shaft and drop 3 floors!
  5447 | D:7      | Noticed a yak
  5457 | D:7      | Slain by an orc wizard

Illustrated notes

Levels and vault maps discovered:
D:1:      scummos_arrival_hexagon, layout_loops_corners, serial_bayou_pond_e,
          kennysheep_boxes
D:2:      layout_basic
D:3:      layout_basic, serial_shops, nicolae_shop_peninsula,
          portal_sewer_entry_d, serial_park_tiny_2
D:4:      layout_rooms, nicolae_ru_sacrificial_ziggurat,
          minmay_stone_trees_small, grunt_ministairs_5, uniq_natasha, uniq_ijyb
D:7:      layout_cave_pods, amcnicky_altar_gilded, abandoned_shop,
          nicolae_shop_fire_sale [nicolae_sub_dead_trees], uniq_joseph,
          uniq_prince_ribbit1

Skill      XL: |  1  2  3  4  5  6  7 |
---------------+----------------------+-----
Fighting       | 1 |  1.4
Poison Magic   | 4 6 |  6.6
Air Magic      | 1 2 |  2.2
Conjurations   | 1 2 |  2.3
Spellcasting   | 3 |  3.7
Transmutations | 2 |  2.1
Dodging        | |  2.0
Stealth        | |  2.6

Action                     |  1- 3 |  4- 6 |  7- 9 || total
---------------------------+-------+-------+-------++-------
  Melee: Short sword       |    69 |   127 |     4 ||   200
         Tentacles         |    15 |    28 |       ||    43
         Constrict         |    14 |    24 |       ||    38
         Punch             |     1 |     4 |       ||     5
   Cast: Sting             |     3 |     5 |     1 ||     9
         Poisonous Vapours |    15 |    33 |     2 ||    50
         Olgreb's Toxic Ra |       |     5 |     1 ||     6
         Mephitic Cloud    |       |     1 |       ||     1
    Use: Scroll            |     5 |     8 |     1 ||    14
         Potion            |       |     5 |     3 ||     8
   Stab: Sleeping          |     5 |     8 |       ||    13
 Armour: Skin              |     3 |     6 |     2 ||    11
  Dodge: Dodged            |    44 |    50 |     2 ||    96

Table legend: (Time is in decaauts)
 A = Elapsed time spent in this place.
 B = Non-inter-level travel time spent in this place.
 C = Inter-level travel time spent in this place.
 D = Time resting spent in this place.
 E = Time spent auto-exploring this place.
 F = Levels seen in this place.
 G = Mean time per level.
                   A        B        C        D        E       F      G
               +--------+--------+--------+--------+--------+-----+--------+
         Total |   5422 |   5248 |    174 |   1966 |   2506 |   6 |  903.7 |
       Dungeon |   4547 |   4373 |    174 |   1408 |   2360 |   5 |  909.4 |
         Sewer |    874 |    874 |      0 |    558 |    146 |   1 |  874.0 |
               +--------+--------+--------+--------+--------+-----+--------+

Top non-repeatable levels by time:
     D:3: 1465 daAuts
     D:2: 1155 daAuts
     D:1: 1112 daAuts
   Sewer: 874 daAuts
     D:4: 769 daAuts
     D:7: 44 daAuts
